 Dungeon Crawl Stone Soup version 0.26-a0-651-gb41185065b (webtiles) character file.

Game seed: 13384512463683074151

96 Apogee the Chopper (level 4, -6/41 HPs)
             Began as a Hill Orc Monk on Oct 15, 2020.
             Mangled by an iguana (9 damage)
             ... on level 4 of the Dungeon.
             The game lasted 00:03:17 (3614 turns).

Apogee the Chopper (Hill Orc Monk)                  Turns: 3614, Time: 00:03:18

Health: -6/41      AC:  5    Str: 14    XL:     4   Next: 67%
Magic:  4/4        EV: 12    Int: 10    God:
Gold:   96         SH:  0    Dex: 13    Spells: 3/3 levels left

rFire    . . .     SeeInvis .   a - +0 hand axe
rCold    + . .     Faith    .   (no shield)
rNeg     . . .     Spirit   .   l - +2 leather armour {rC+}
rPois    .         Reflect  .   (no helmet)
rElec    .         Harm     .   (no cloak)
rCorr    .         Rampage  .   (no gloves)
MR       .....                  (no boots)
Stlth    ++........             (no amulet)
HPRegen  0.13/turn              (no ring)
MPRegen  0.09/turn              (no ring)

@: hasted, very quick
A: no striking features
a: no special abilities


You were on level 4 of the Dungeon.
You visited 1 branch of the dungeon, and saw 4 of its levels.

You collected 96 gold pieces.

Inventory:

Hand Weapons
 a - a +0 hand axe (weapon)
Missiles
 f - 81 stones (quivered)
Armour
 b - a +0 robe
 l - a +2 leather armour of cold resistance (worn)
   (You found it on level 2 of the Dungeon)
Jewellery
 n - an uncursed ring of ice {unknown}
   (You found it on level 2 of the Dungeon)
Scrolls
 c - 3 scrolls of teleportation {unknown}
 d - 3 scrolls of amnesia {unknown}
 e - 3 scrolls of identify {unknown}
 g - a scroll of magic mapping {unknown}
 j - 2 scrolls of remove curse {unknown}
Potions
 h - a potion of brilliance {unknown}
 i - 2 potions of stabbing {unknown}
 k - a potion of heal wounds {unknown}
 m - a potion of berserk rage {unknown}
 o - a potion of haste {@q3}
 p - a potion of flight {unknown}


   Skills:
 + Level 4.3 Fighting
 * Level 5.5 Axes
 + Level 1.9 Armour
 - Level 2.4 Dodging
 - Level 2.0 Stealth


You had 3 spell levels left.
You didn't know any spells.
Your spell library was empty.

Dungeon Overview and Level Annotations

Branches:
Dungeon (4/15)
 Temple: D:4-7

Altars:


Message History

You open the door.
There is an open door here.
You open the door.
Found 8 bolts.
There is an open door here.
No target in view!
Found 4 gold pieces.
No target in view!
You now have 96 gold pieces (gained 4).
No target in view!
Found a scroll labeled LIONKO ISMUSAW.
Found 8 gold pieces.
No target in view!
An adder skeleton comes into view.
An iguana comes into view.
You hit the adder skeleton. The adder skeleton closely misses you.
You hit the adder skeleton but do no damage.
The adder skeleton bites you.
You hit the adder skeleton but do no damage.
The adder skeleton closely misses you. The adder skeleton barely misses you.
You hit the adder skeleton. The adder skeleton bites you.
You hit the adder skeleton. You hit the iguana.
The adder skeleton closely misses you. The iguana bites you!
You completely miss the adder skeleton. You barely miss the iguana.
The adder skeleton bites you. The iguana misses you.
You closely miss the adder skeleton. You hit the iguana but do no damage.
The adder skeleton bites you.
The iguana bites you but does no damage.
You hit the adder skeleton.
You destroy the adder skeleton!
You closely miss the iguana. The iguana bites you.
You hit the iguana.
The iguana bites you but does no damage.
You closely miss the iguana. The iguana closely misses you.
You hit the iguana but do no damage. The iguana closely misses you.
You hit the iguana but do no damage. The iguana bites you!
* * * LOW HITPOINT WARNING * * *
Sorry, you're not good enough to have a special ability.
Unknown command.
You hit the iguana. The iguana misses you.
You hit the iguana.
The iguana bites you but does no damage.
You hit the iguana but do no damage. The iguana bites you.
* * * LOW HITPOINT WARNING * * *
You hit the iguana but do no damage.
The iguana bites you but does no damage.
You hit the iguana. The iguana bites you!
* * * LOW HITPOINT WARNING * * *
It was a potion of haste.
You feel yourself speed up. The iguana bites you!
You die...

#'####..............
.......(...........
................##
........^........#
.................#
......##...#.....#
......##...#...?.###
......#............#
......#.........@..#
#........l...#
#............#
#............#
#............#
............#
#+##########


You could see an iguana.

Vanquished Creatures
  4 adders
  An ooze (D:3)
  An adder skeleton (D:4)
  3 leopard geckos
  3 orcs (D:3)
  2 giant cockroaches
  5 goblins
  10 hobgoblins
  A quokka (D:3)
  7 bats
  3 frilled lizards
  4 kobolds
  4 rats
48 creatures vanquished.

Notes
Turn   | Place    | Note
-------+----------+-------------------------------------------
     0 | D:1      | Apogee the Hill Orc Monk began the quest for the Orb.
     0 | D:1      | Reached XP level 1. HP: 19/19 MP: 1/1
   204 | D:1      | Reached XP level 2. HP: 27/27 MP: 2/2
   502 | D:1      | You fall into a shaft and drop 1 floor!
   802 | D:2      | Reached skill level 1 in Armour
   802 | D:2      | Reached XP level 3. HP: 32/33 MP: 3/3
  1268 | D:2      | Found a faded altar of an unknown god.
  1856 | D:2      | Reached skill level 5 in Axes
  2673 | D:3      | Reached XP level 4. HP: 30/40 MP: 4/4
  3614 | D:4      | Mangled by an iguana

Illustrated notes

Levels and vault maps discovered:
D:1:      dpeg_arrival_lava_temple_mockup, layout_loops_ring
D:2:      layout_basic, chequers_ecumenical_altar_simple
D:3:      minmay_angry_zag, layout_loops_corners
D:4:      layout_basic, lemuel_statue_altar, uniq_edmund, uniq_robin

Skill      XL: |  1  2  3 |
---------------+----------+-----
Armour         | 1 |  1.9
Fighting       | 4 |  4.3
Stealth        | 2 |  2.0
Axes           | 5 |  5.5
Dodging        | |  2.4

Action                   |  1- 3 |  4- 6 || total
-------------------------+-------+-------++-------
Melee: Hand axe          |   147 |    82 ||   229
  Use: Potion            |       |     1 ||     1
 Stab: Sleeping          |     6 |     3 ||     9
Armor: Robe              |    10 |       ||    10
       Leather armour    |    23 |    22 ||    45
Dodge: Dodged            |    90 |    45 ||   135

Table legend: (Time is in decaauts)
 A = Elapsed time spent in this place.
 B = Non-inter-level travel time spent in this place.
 C = Inter-level travel time spent in this place.
 D = Time resting spent in this place.
 E = Time spent auto-exploring this place.
 F = Levels seen in this place.
 G = Mean time per level.
                   A        B        C        D        E       F      G
               +--------+--------+--------+--------+--------+-----+--------+
         Total |   3626 |   3461 |    165 |     80 |   2842 |   4 |  906.5 |
       Dungeon |   3626 |   3461 |    165 |     80 |   2842 |   4 |  906.5 |
               +--------+--------+--------+--------+--------+-----+--------+

Top non-repeatable levels by time:
     D:2: 1550 daAuts
     D:3: 1149 daAuts
     D:1: 863 daAuts
     D:4: 62 daAuts
